 Dungeon Sprint DCSS version 0.28-a0-915-gcd63401287 (webtiles) character file.

Game seed: 18063205214029507487

223232 Turgor the Axe Maniac (level 18, -6/400 HPs)
             Began as a Minotaur Berserker on Nov 25, 2021.
             Was the Champion of Trog.
             Killed from afar by an acid blob (12 damage)
             ... with a splash of acid
             ... created by the Royal Jelly
             ... in the Dungeon (Sprint VII: "The Pits").
             The game lasted 03:11:58 (9742 turns).

Turgor the Axe Maniac (Minotaur Berserker)          Turns: 9742, Time: 03:11:59

Health: -6/400     AC: 25    Str: 31    XL:     18   Next: 55%
Magic:  0/5        EV: 24    Int:  5    God:    Trog [******]
Gold:   141        SH:  0    Dex: 18    Spells: 17/17 levels left

rFire   + + .      SeeInvis +   N - +10 executioner's axe of Fortitude {antimagic, +Blink}
rCold   + . .      Faith    .   (shield currently unavailable)
rNeg    + + .      Spirit   +   J - +4 plate armour {rF+}
rPois   +          Reflect  .   H - +2 hat of the Bear Spirit {Spirit, *Rage Will++}
rElec   +          Harm     .   r - +0 cloak
rCorr   .          Rampage  ∞   o - +2 pair of gloves
Will    ++++.      Rage     21% T - +3 pair of seven-league boots {Rampage+∞}
Stlth   .......... NoTele   +   D - macabre finger necklace {rN+}
HPRegen 0.76/turn               S - ring "Iptogul" {rF+ rN+ Dex+6 Slay+2}
MPRegen 0.09/turn               W - ring "Poulamywn" {rC+ Will+ Str+6 Stlth+}
                                x - ring of Day {rElec rPois Dex-2 Slay+5 SInv}

@: berserking, lethally poisoned (-6 -> -7), corroded, hasted, studying Long
Blades, very quick
A: horns 2, retaliatory headbutt, iridescent scales 1, berserk 1
}: 1/3 runes: silver
a: Renounce Religion, Evoke Blink, Berserk, Trog's Hand, Brothers in Arms


You were in the Dungeon.
You worshipped Trog.
Trog was exalted by your worship.
You visited 1 branch You collected 141 gold pieces.

Inventory:

Hand Weapons
 n - a +6 demon trident
 p - the +8 hunting sling of Jutzis {venom, Int+4 Dex+2}
   (You found it in the Dungeon)

   Any ammunition fired from it poisons the flesh of those it strikes.
   Int:       It affects your intelligence (+4).
   Dex:       It affects your dexterity (+2).
 s - the +1 broad axe of Profit {flame, rF++ SInv}
   (You found it in the Dungeon)

   It burns those it strikes, dealing additional fire damage.
   Big, fiery blades are also staple armaments of hydra-hunters.
   rF:        It greatly protects you from fire.
   SInv:      It lets you see invisible.
 G - a +9 broad axe
 K - the +4 executioner's axe of Certain Death {vorpal, Will++}
   (Trog gifted it to you in the Dungeon)

   It inflicts extra damage upon your enemies.
   Will:      It greatly increases your willpower.
 M - a +1 demon trident of venom
 N - the +10 executioner's axe of Fortitude (weapon) {antimagic, +Blink}
   (Trog gifted it to you in the Dungeon)

   It reduces the magical energy of the wielder, and disrupts the spells and
   magical abilities of those it strikes.
   Natural abilities and divine invocations are not affected.
   +Blink:    It lets you blink.
 Q - a +3 broad axe of flaming
 X - the +9 battleaxe "Foijoi" {vorpal, rPois rN+ Stlth+}
   (Trog gifted it to you in the Dungeon)

   It inflicts extra damage upon your enemies.
   rPois:     It protects you from poison.
   rN:        It protects you from negative energy.
   Stlth:     It makes you more stealthy.
Missiles
 a - 4 throwing nets
 k - 78 stones
Armour
 o - a +2 pair of gloves (worn)
 r - a +0 cloak (worn)
 H - the +2 hat of the Bear Spirit (worn) {Spirit, *Rage Will++}
   (You found it in the Dungeon)

   Going berserk makes the wearer tougher, and they're slowed less afterward.
   *Rage:     It berserks you when you make melee attacks (+20% chance).
   Will:      It greatly increases your willpower.
 J - a +4 plate armour of fire resistance (worn)
 L - a +0 kite shield
 T - the +3 pair of seven-league boots (worn) {Rampage+∞}
   (You found it in the Dungeon)

   Its wearer moves as far as possible in that direction when moving towards
   enemies.
Jewellery
 b - the ring of Xeriygeb {Drain +Blink Will+++ AC+6 Str+3}
   (You found it in the Dungeon)

   [ring of protection]

   AC:        It affects your AC (+6).
   Str:       It affects your strength (+3).
   +Blink:    It lets you blink.
   Drain:     It drains your maximum health when unequipped.
   Will:      It greatly increases your willpower.
 m - the amulet of Fatobb {rPois Will+ Regen+ Stlth+}
   (You found it in the Dungeon)

   [amulet of regeneration]

   rPois:     It protects you from poison.
   Regen:     It increases your rate of health regeneration.
   Will:      It increases your willpower.
   Stlth:     It makes you more stealthy.
 q - the amulet "Pinucs" {Faith rF+ rC+++ rN+ Will+ Int-3}
   (You found it in the Dungeon)

   [amulet of faith]

   It allows you to gain divine favour quickly.
   Int:       It affects your intelligence (-3).
   rF:        It protects you from fire.
   rC:        It renders you almost immune to cold.
   rN:        It protects you from negative energy.
   Will:      It increases your willpower.
 w - the amulet of Dithmenos's Fury {Reflect rPois Dex-2 Slay+6 SH+5 Stlth+}
   (You found it in the Dungeon)

   [amulet of reflection]

   It reflects blocked missile attacks.
   Dex:       It affects your dexterity (-2).
   Slay:      It affects your accuracy & damage with ranged weapons and melee
   (+6).
   rPois:     It protects you from poison.
   SH:        It affects your SH (+5).
   Stlth:     It makes you more stealthy.
 x - the ring of Day (on amulet) {rElec rPois Dex-2 Slay+5 SInv}
   (You found it in the Dungeon)

   [ring of slaying]

   Dex:       It affects your dexterity (-2).
   Slay:      It affects your accuracy & damage with ranged weapons and melee
   (+5).
   rElec:     It insulates you from electricity.
   rPois:     It protects you from poison.
   SInv:      It lets you see invisible.
 y - the ring of Atheism {rElec Slay+5}
   (You found it in the Dungeon)

   [ring of slaying]

   Slay:      It affects your accuracy & damage with ranged weapons and melee
   (+5).
   rElec:     It insulates you from electricity.
 D - the macabre finger necklace (around neck) {rN+}
   (You took it off a naga mage in the Dungeon)

   [amulet of nothing]

   It enables you to equip an extra ring.
   rN:        It protects you from negative energy.
 S - the ring "Iptogul" (left hand) {rF+ rN+ Dex+6 Slay+2}
   (You found it in the Dungeon)

   [ring of dexterity]

   Dex:       It affects your dexterity (+6).
   Slay:      It affects your accuracy & damage with ranged weapons and melee
   (+2).
   rF:        It protects you from fire.
   rN:        It protects you from negative energy.
 U - the ring of Rolupleri {rF+ Str+4 Int+4 Stlth+}
   (You found it in the Dungeon)

   [ring of protection from fire]

   Str:       It affects your strength (+4).
   Int:       It affects your intelligence (+4).
   rF:        It protects you from fire.
   Stlth:     It makes you more stealthy.
 V - the amulet "Daesow" {Reflect rElec rPois rC++ Str-3 SH+5}
   (You found it in the Dungeon)

   [amulet of reflection]

   It reflects blocked missile attacks.
   Str:       It affects your strength (-3).
   rC:        It greatly protects you from cold.
   rElec:     It insulates you from electricity.
   rPois:     It protects you from poison.
   SH:        It affects your SH (+5).
 W - the ring "Poulamywn" (right hand) {rC+ Will+ Str+6 Stlth+}
   (You found it in the Dungeon)

   [ring of strength]

   Str:       It affects your strength (+6).
   rC:        It protects you from cold.
   Will:      It increases your willpower.
   Stlth:     It makes you more stealthy.
 Y - the ring "Tuogam" {Fly rF+ rC+}
   (You found it in the Dungeon)

   [ring of flight]

   rF:        It protects you from fire.
   rC:        It protects you from cold.
   Fly:       It grants you flight.
 Z - the ring "Luuloh" {rPois rCorr Int+6 Dex+4 Slay-3}
   (You found it in the Dungeon)

   [ring of intelligence]

   Int:       It affects your intelligence (+6).
   Dex:       It affects your dexterity (+4).
   Slay:      It affects your accuracy & damage with ranged weapons and melee
   (-3).
   rPois:     It protects you from poison.
   rCorr:     It protects you from acid and corrosion.
Wands
 u - a wand of paralysis (10)
 F - a wand of flame (21)
Scrolls
 h - 2 scrolls of blinking
 i - 4 scrolls of fog
 l - a scroll of summoning
 t - 3 scrolls of fear
 z - 5 scrolls of enchant armour
 E - a scroll of enchant weapon
Potions
 c - 11 potions of curing
 d - 21 potions of heal wounds
 e - 4 potions of haste
 f - 9 potions of magic
 g - 4 potions of berserk rage
 j - 2 potions of invisibility
 A - 2 potions of might
 C - 6 potions of mutation
 I - a potion of resistance
 R - a potion of attraction
Miscellaneous
 v - a condenser vane
 B - a phial of floods
 O - a lightning rod (4/4) (quivered)
 P - a box of beasts


   Skills:
 O Level 27 Fighting
 O Level 27 Axes
 + Level 8.7(19.7) Polearms
 O Level 27 Slings
 + Level 10.8(19.4) Throwing
 O Level 27 Armour
 O Level 27 Dodging
 O Level 27 Shields
 O Level 27 Evocations


You had 17 spell levels left.
You didn't know any spells.
Your spell library was empty.

Dungeon Overview and Level Annotations

Branches:
Dungeon (1/1)

Altars:
Ashenzari
Cheibriados
Dithmenos
Elyvilon
Fedhas
Gozag
Hepliaklqana
Kikubaaqudgha
Makhleb
Nemelex Xobeh
Okawaru
Qazlal
Ru
Sif Muna
Trog
Uskayaw
Vehumet
Wu Jian
Xom
Yredelemnul
Zin
The Shining One
Beogh
Jiyva
Lugonu

Annotations:
D Royal Jelly


Innate Abilities, Weirdness & Mutations

You have a pair of horns on your head.
You reflexively headbutt those who attack you in melee.
You are partially covered in iridescent scales. (AC +2)
You tend to lose your temper in combat.


Message History

The quicksilver ooze misses you. You furiously retaliate!
You headbutt the quicksilver ooze!
The quicksilver ooze hits you but does no damage.
The rockslime completely misses you.
You slice the green draconian monk!!
You feel the power of Trog in you as your rage grows.
You kill the green draconian monk!
Trog accepts your kill. Trog grants you a weapon!
Something appears at your feet!
You see here a +5 hand axe.
You slash the quicksilver ooze!
You feel the power of Trog in you as your rage grows.
You kill the quicksilver ooze!
That felt strangely unrewarding.
You slice the rockslime!!
You kill the rockslime!
That felt strangely unrewarding.
You feel sick.
A sun demon comes into view.
You hit the acid blob.
Your hands burn!
* * * LOW HITPOINT WARNING * * *
The acid blob is lightly wounded.
You slice the sun demon!! You slice the acid blob!!
Your hands burn!
* * * LOW HITPOINT WARNING * * *
Unknown command.
You slice the acid blob like a ripe choko!!!
Your hands burn!
* * * LOW HITPOINT WARNING * * *
The acid blob is severely wounded.
You slash the sun demon!
You open the acid blob like a pillowcase!!!
Your hands burn!
* * * LOW HITPOINT WARNING * * *
You feel sick.
The sun demon hits you but does no damage.
The acid blob hits you!
* * * LOW HITPOINT WARNING * * *
The acid corrodes you!
You are splashed with acid!
* * * LOW HITPOINT WARNING * * *
The acid blob spits acid at you. The splash of acid hits you!
You die...

,,,,,,,,,,,,,* *,***,***,***,****
,,,,,,,,,,,,,****+,+**,+**,+**,,,
,,,,,,,,,,,,,**,+,,,+,,,+,,,+,,,,
,,,,,,,,,,,,******,***,***,**,,,,
*,,,,,,,,,,** *,**+* *+* ****,,,,
**,,,,,,,,** ##**,***,***,***,,,
****++**** #.+,,,+,,,+,,,*####
*****++**** #3##,##*,***,###))#
,,,,,,,,,,*** *#@###.#+#,**#.###.
,,,,,,,,,,,,**#J#J.##'.##+,##'.'#
,,,,,,,,,,,,,*#J#D..))..#,,,#...#
,,,,,,,,,,,,,*##[#.###.###,+##.##
,,,,,,,,,,,,,*##J###.###.###.)##.
,,,,,,,,,,,,**#...J..[)...'...##'
,,,,,,,,,,*** ##.###.###.###.##.#
++********* ### ### ### ######
++###############################


You could see the Royal Jelly, a shadow dragon, 2 acid blobs and a sun demon.

Vanquished Creatures
  Antaeus (D)
  Mnoleg (D)
  2 ancient liches (D)
  3 orbs of fire (D)
  Mennas (D)
  Boris (D)
  2 royal mummies (D)
  2 Killer Klowns (D)
  Margery (D)
  A curse toe (D)
  4 golden dragons (D)
  3 pandemonium lords (D)
  3 pearl dragons (D)
  2 Brimstone Fiends (D)
  3 Tzitzimimeh (D)
  3 Hell Sentinels (D)
  A tentacled monstrosity (D)
  2 deep elf blademasters (D)
  2 titans (D)
  An Ice Fiend (D)
  3 liches (D)
  2 acid blobs (D)
  A deep elf master archer (D)
  2 Executioners (D)
  A sphinx (D)
  A death cob (D)
  A draconian monk (D)
  A daeva (D)
  4 shadow dragons (D)
  3 nagarajas (D)
  2 storm dragons (D)
  2 deep elf sorcerers (D)
  8 rockslimes (D)
  13 orc warlords (D)
  2 ghost moths (D)
  An azure jelly (D)
  3 frost giants (D)
  A draconian scorcher (D)
  Louise (D)
  3 balrugs (D)
  Aizul (D)
  A cacodemon (D)
  A spriggan defender (D)
  5 quicksilver oozes (D)
  2 ghouls (D)
  A war gargoyle (D)
  A deep elf demonologist (D)
  An apis (D)
  2 green draconians (D)
  4 yellow draconians (D)
  Azrael (D)
  2 black draconians (D)
  3 deep elf annihilators (D)
  A dire elephant (D)
  2 purple draconians (D)
  2 red draconians (D)
  4 deep elf death magi (D)
  3 ettins (D)
  A mummy priest (D)
  3 green deaths (D)
  A fire dragon (D)
  A rakshasa (D)
  An ice dragon (D)
  4 vault guards (D)
  A boulder beetle (D)
  A hell beast (D)
  2 spriggan air magi (D)
  A naga warrior (D)
  A catoblepas (D)
  3 death knights (D)
  A two-headed ogre (D)
  A deep troll shaman (D)
  An alligator snapping turtle (D)
  2 vampire magi (D)
  2 spriggan berserkers (D)
  3 hell knights (D)
  A sun demon (D)
  6 orc high priests (D)
  4 deep elf knights (D)
  2 naga sharpshooters (D)
  2 soul eaters (D)
  3 iron trolls (D)
  5 skeletal warriors (D)
  A fire crab (D)
  5 deep trolls (D)
  3 spriggan druids (D)
  A cherub (D)
  A sea snake (D)
  A wizard (D)
  17 orc knights (D)
  5 harpies (D)
  A deep elf zephyrmancer (D)
  A necromancer (D)
  4 deep elf pyromancers (D)
  9 orc sorcerers (D)
  An ugly thing (D)
  A salamander (D)
  2 cyclopes (D)
  2 elephants (D)
  A naga mage (D)
  A smoke demon (D)
  2 eyes of devastation (D)
  A molten gargoyle (D)
  A guardian serpent (D)
  A cane toad (D)
  A demonic crawler (D)
  A yaktaur (D)
  An ice devil (D)
  A freezing wraith (D)
  2 efreet (D)
  2 hellions (D)
  A red devil (D)
  A polar bear (shapeshifter) (D)
  Prince Ribbit (D)
  2 trolls (D)
  A hornet (D)
  A polar bear (D)
  3 tyrant leeches (D)
  A wind drake (D)
  5 redbacks (D)
  2 wraiths (D)
  A vampire (D)
  A spriggan (D)
  6 fire elementals (D)
  A chaos spawn (D)
  9 yaks (D)
  A golden eye (D)
  A steam dragon (D)
  A large abomination (D)
  2 neqoxecs (D)
  4 vampire mosquitoes (D)
  7 nagas (D)
  12 hell hounds (D)
  An acid dragon (D)
  A water moccasin (D)
  20 orc warriors (D)
  A necrophage (D)
  A kobold brigand (D)
  A bullfrog (D)
  An earth elemental (D)
  2 killer bees (D)
  8 wights (D)
  A crimson imp (D)
  3 orc priests (D)
  A jelly (D)
  4 orc wizards (D)
  A hell rat (D)
  2 mummies (D)
  A gnoll (D)
  An adder (D)
  A river rat (D)
  An ufetubus (D)
  2 adder skeletons (D)
  A worm (D)
  3 orcs (D)
  A bat (D)
  A goblin (D)
  A hobgoblin (D)
  A jackal (D)
  A ball python skeleton (D)
  A kobold (D)
  A rat (D)
  2 ball lightnings (D)
385 creatures vanquished.

Vanquished Creatures (collateral kills)
  Polyphemus (D)
  A shadow dragon (D)
  A daeva (D)
  An azure jelly (D)
  A draconian scorcher (D)
  4 orc warlords (D)
  A draconian annihilator (D)
  A white draconian (D)
  A deep elf high priest (D)
  2 vault guards (D)
  A hydra (D)
  Harold (D)
  2 naga warriors (D)
  A two-headed ogre (D)
  A death yak (D)
  A fire crab (D)
  A cherub (D)
  A salamander mystic (D)
  A deep troll (D)
  2 orc knights (D)
  An orc sorcerer (D)
  A black mamba (D)
  A guardian serpent (D)
  A black mamba (shapeshifter) (D)
  A naga mage (D)
  2 elephants (D)
  A gargoyle (D)
  An eye of devastation (D)
  A freezing wraith (D)
  A rime drake (D)
  2 polar bears (D)
  A wyvern (D)
  A ynoxinul (D)
  A naga (D)
  An acid dragon (D)
  3 hell hounds (D)
  An orc warrior (D)
  A black bear (D)
  A bullfrog (D)
  3 killer bees (D)
  A wight (D)
  An orc priest (D)
  An orc wizard (D)
  A hell rat (D)
  A white imp (D)
  An adder skeleton (D)
  3 orcs (D)
  A rat (D)
62 creatures vanquished.

Vanquished Creatures (others)
  Xtahua (D)
  A deep elf blademaster (D)
  An eldritch tentacle (D)
  2 ball lightnings (D)
5 creatures vanquished.

Grand Total: 452 creatures vanquished

Notes
Turn   | Place    | Note
-------+----------+-------------------------------------------
     0 | D        | Turgor the Minotaur Berserker began the quest for the Orb.
     0 | D        | Reached XP level 1. HP: 19/19 MP: 0/0
    29 | D        | Found a bloodstained altar of Trog.
    29 | D        | Found a shimmering blue altar of Sif Muna.
    29 | D        | Found a viscous altar of Jiyva.
    29 | D        | Found a hazy altar of Hepliaklqana.
    29 | D        | Found an opulent altar of Gozag.
    30 | D        | Found a glowing golden altar of the Shining One.
    30 | D        | Found a glowing silver altar of Zin.
    30 | D        | Found a basalt altar of Yredelemnul.
    30 | D        | Found a shimmering altar of Xom.
    30 | D        | Found an ornate altar of the Wu Jian Council.
    30 | D        | Found a sacrificial altar of Ru.
    30 | D        | Found a stormy altar of Qazlal.
    30 | D        | Found an iron altar of Okawaru.
    30 | D        | Found a sparkling altar of Nemelex Xobeh.
    30 | D        | Found a burning altar of Makhleb.
    30 | D        | Found a blossoming altar of Fedhas.
    30 | D        | Found a white marble altar of Elyvilon.
    30 | D        | Found a shadowy altar of Dithmenos.
    30 | D        | Found a snail-covered altar of Cheibriados.
    31 | D        | Found a radiant altar of Vehumet.
    31 | D        | Found a corrupted altar of Lugonu.
    32 | D        | Found a hide-covered altar of Uskayaw.
    32 | D        | Found an ancient bone altar of Kikubaaqudgha.
    32 | D        | Found a broken altar of Ashenzari.
    68 | D        | Reached ** piety under Trog
    79 | D        | Reached XP level 2. HP: 26/27 MP: 1/1
    86 | D        | Reached skill level 5 in Axes
   388 | D        | Reached *** piety under Trog
   389 | D        | Reached XP level 3. HP: 31/35 MP: 2/2
   391 | D        | Reached skill level 5 in Fighting
   490 | D        | Noticed Prince Ribbit
   498 | D        | Reached **** piety under Trog
   499 | D        | Reached XP level 4. HP: 42/42 MP: 3/3
   501 | D        | Reached skill level 5 in Armour
   506 | D        | Reached skill level 5 in Dodging
   506 | D        | Noticed an orc warrior
   507 | D        | Reached ***** piety under Trog
   508 | D        | Killed Prince Ribbit
   509 | D        | Reached skill level 10 in Axes
   509 | D        | Reached XP level 5. HP: 31/53 MP: 4/4
   509 | D        | Reached XP level 6. HP: 35/61 MP: 5/5
   510 | D        | Received a gift from Trog
   515 | D        | Killed an orc warrior
   518 | D        | Noticed an orc warrior
   521 | D        | Reached XP level 7. HP: 44/69 MP: 6/6
   646 | D        | Noticed a two-headed ogre
   652 | D        | Killed a two-headed ogre
   653 | D        | Reached skill level 10 in Fighting
   653 | D        | Reached skill level 10 in Armour
   653 | D        | Reached XP level 8. HP: 76/80 MP: 7/7
   689 | D        | Noticed a death yak
   689 | D        | Noticed Harold
   693 | D        | Killed Harold
   694 | D        | Reached skill level 15 in Axes
   694 | D        | Reached skill level 10 in Dodging
   698 | D        | Killed a death yak
   699 | D        | Reached XP level 9. HP: 90/90 MP: 8/8
   912 | D        | Got the +1 broad axe of Profit {flame, rF++ SInv}
  1003 | D        | Noticed a freezing wraith
  1007 | D        | Killed a freezing wraith
  1007 | D        | Received a gift from Trog
  1057 | D        | Noticed an orc sorcerer
  1057 | D        | Noticed a polar bear
  1061 | D        | Killed an orc sorcerer
  1063 | D        | Killed a polar bear
  1074 | D        | Noticed a black mamba
  1075 | D        | Killed a black mamba
  1081 | D        | Reached XP level 10. HP: 101/101 MP: 9/9
  1140 | D        | Received a gift from Trog
  1170 | D        | Noticed a two-headed ogre
  1172 | D        | Noticed a black mamba
  1174 | D        | Killed a black mamba
  1175 | D        | Killed a two-headed ogre
  1179 | D        | Identified the +8 hand axe of Suicidal Tendencies {vorpal,
                  | rC+} (Trog gifted it to you in the Dungeon)
  1179 | D        | Received a gift from Trog
  1202 | D        | Noticed a deep troll
  1204 | D        | Killed a deep troll
  1216 | D        | Received a gift from Trog
  1262 | D        | Noticed a gargoyle
  1276 | D        | Received a gift from Trog
  1277 | D        | Killed a gargoyle
  1437 | D        | Noticed a cyclops
  1450 | D        | Reached XP level 11. HP: 111/111 MP: 10/10
  1492 | D        | Noticed a spriggan rider
  1500 | D        | Reached skill level 15 in Fighting
  1504 | D        | Received a gift from Trog
  1516 | D        | Reached skill level 15 in Armour
  1704 | D        | Noticed a sea snake
  1710 | D        | Killed a sea snake
  1891 | D        | Noticed a boulder beetle
  1905 | D        | Killed a boulder beetle
  1906 | D        | Reached skill level 1 in Throwing
  1926 | D        | Noticed a spriggan druid
  1926 | D        | Noticed a deep elf zephyrmancer
  1932 | D        | Killed a deep elf zephyrmancer
  1932 | D        | Received a gift from Trog
  1933 | D        | Killed a spriggan druid
  1990 | D        | Reached ****** piety under Trog
  2048 | D        | Received a gift from Trog
  2076 | D        | Noticed Aizul
  2082 | D        | Killed Aizul
  2147 | D        | Noticed a six-headed hydra
  2147 | D        | Noticed an alligator snapping turtle
  2147 | D        | Noticed a frost giant
  2147 | D        | Noticed a mummy priest
  2147 | D        | Noticed a yellow draconian
  2147 | D        | Noticed Polyphemus
  2147 | D        | Noticed a red ugly thing
  2152 | D        | Killed a six-headed hydra
  2155 | D        | Killed a frost giant
  2155 | D        | Received a gift from Trog
  2156 | D        | Reached skill level 5 in Throwing
  2156 | D        | Reached skill level 15 in Dodging
  2156 | D        | Reached XP level 12. HP: 71/124 MP: 3/11
  2157 | D        | Killed a yellow draconian
  2160 | D        | Killed Polyphemus
  2240 | D        | Killed a mummy priest
  2243 | D        | Killed an alligator snapping turtle
  2360 | D        | Got the +8 hunting sling of Jutzis {venom, Int+4 Dex+2}
  2522 | D        | Reached skill level 1 in Evocations
  2719 | D        | Received a gift from Trog
  2749 | D        | Noticed an orc warlord
  2837 | D        | Killed an orc warlord
  2932 | D        | Reached skill level 1 in Slings
  2978 | D        | Reached skill level 5 in Evocations
  2986 | D        | Received a gift from Trog
  2999 | D        | Noticed Azrael
  3031 | D        | Killed Azrael
  3032 | D        | Reached skill level 5 in Slings
  3032 | D        | Reached XP level 13. HP: 101/135 MP: 4/12
  3054 | D        | Noticed an orc warlord
  3058 | D        | Killed an orc warlord
  3058 | D        | Received a gift from Trog
  3348 | D        | Received a gift from Trog
  3374 | D        | Noticed a red draconian scorcher
  3466 | D        | Killed a red draconian scorcher
  3467 | D        | Reached skill level 10 in Slings
  3741 | D        | Received a gift from Trog
  3946 | D        | Noticed Margery
  3958 | D        | Noticed a daeva
  3960 | D        | Killed Margery
  3960 | D        | Received a gift from Trog
  3976 | D        | Received a gift from Trog
  3992 | D        | Identified the +4 executioner's axe of Certain Death
                  | {vorpal, Will++} (Trog gifted it to you in the Dungeon)
  3992 | D        | Received a gift from Trog
  3993 | D        | Reached skill level 10 in Evocations
  3994 | D        | Killed a daeva
  4016 | D        | Reached XP level 14. HP: 90/151 MP: 4/13
  4243 | D        | Identified the +10 executioner's axe of Fortitude
                  | {antimagic, +Blink} (Trog gifted it to you in the Dungeon)
  4243 | D        | Received a gift from Trog
  4354 | D        | Noticed a deep elf sorcerer
  4359 | D        | Received a gift from Trog
  4362 | D        | Killed a deep elf sorcerer
  4427 | D        | Noticed a red draconian scorcher
  4429 | D        | Noticed a nagaraja
  4431 | D        | Received a gift from Trog
  4437 | D        | Killed a red draconian scorcher
  4437 | D        | Received a gift from Trog
  4439 | D        | Noticed a yellow draconian annihilator
  4440 | D        | Killed a nagaraja
  4449 | D        | Killed a yellow draconian annihilator
  4449 | D        | Received a gift from Trog
  4519 | D        | Noticed a lich
  4554 | D        | Killed a lich
  4642 | D        | Noticed a frost giant
  4667 | D        | Killed a frost giant
  4667 | D        | Received a gift from Trog
  4792 | D        | Noticed a lich
  4800 | D        | Killed a lich
  4801 | D        | Noticed a sphinx
  4804 | D        | Identified the +8 battleaxe of Xockus {vorpal, Contam rElec
                  | rC- SInv} (Trog gifted it to you in the Dungeon)
  4804 | D        | Received a gift from Trog
  4810 | D        | Killed a sphinx
  4813 | D        | Noticed a nagaraja
  4824 | D        | Killed a nagaraja
  4851 | D        | Got the ring of Xeriygeb {Drain +Blink Will+++ AC+6 Str+3}
  4853 | D        | Got the ring "Dituli" {Ice Str+4}
  4856 | D        | Got the ring "Joyf" {*Slow rPois rF+ rCorr Dex+2}
  4859 | D        | Got the ring "Vothryma" {Str+6 Int+6}
  4862 | D        | Got the ring "Jiudilo" {Ice rElec Int+5}
  4866 | D        | Got the ring of Waoplih {Will+ Int+6 Dex+6}
  4869 | D        | Got the ring "Iptogul" {rF+ rN+ Dex+6 Slay+2}
  4873 | D        | Got the ring "Luuloh" {rPois rCorr Int+6 Dex+4 Slay-3}
  4875 | D        | Got the ring of Rolupleri {rF+ Str+4 Int+4 Stlth+}
  4880 | D        | Got the ring "Feoduysm" {Will+ EV+6 Int+3}
  4882 | D        | Got the ring "Poulamywn" {rC+ Will+ Str+6 Stlth+}
  4884 | D        | Got the ring of Birdsong {Str+3 SInv}
  4886 | D        | Got the ring "Qerufaox" {Will+ Str+4 Slay+2}
  4947 | D        | Got the amulet of Fatobb {rPois Will+ Regen+ Stlth+}
  4949 | D        | Got the amulet "Pinucs" {Faith rF+ rC+++ rN+ Will+ Int-3}
  4951 | D        | Got the ring "Qotam" {rElec Slay+5}
  4954 | D        | Got the ring "Galeoputz" {Wiz rN+}
  4957 | D        | Got the amulet of Dithmenos's Fury {Reflect rPois Dex-2
                  | Slay+6 SH+5 Stlth+}
  4959 | D        | Got the ring of Day {rElec rPois Dex-2 Slay+5 SInv}
  4968 | D        | Got the amulet of Dishonour {Reflect rC- Will+ Int+5 Dex+9
                  | SH+5}
  4971 | D        | Got the amulet "Adunoon" {Reflect Harm Will+ Str+3 Dex+3
                  | SH+5}
  4974 | D        | Got the amulet "Jotih Soale" {Reflect Dex+3 SH+5}
  4977 | D        | Got the ring of Atheism {rElec Slay+5}
  4983 | D        | Got the ring of Utaal {Str+6 Int+7 Dex-3 Slay+5}
  4986 | D        | Got the ring of Eternal Night {EV+4 Int+5}
  4989 | D        | Got the ring "Joex" {Contam Str-2 Int+8 Dex+5 Slay+5}
  4995 | D        | Got the ring of the Trilobite {MP+9 SInv}
  5098 | D        | Received a gift from Trog
  5113 | D        | Received a gift from Trog
  5122 | D        | Noticed a death cob
  5122 | D        | Noticed a spriggan defender
  5127 | D        | Killed a death cob
  5135 | D        | Killed a spriggan defender
  5186 | D        | Received a gift from Trog
  5196 | D        | Reached XP level 15. HP: 154/166 MP: 4/14
  5226 | D        | Received a gift from Trog
  5246 | D        | Noticed Louise
  5253 | D        | Killed Louise
  5253 | D        | Received a gift from Trog
  5291 | D        | Noticed a daeva
  5300 | D        | Noticed a nagaraja
  5309 | D        | Killed a nagaraja
  5310 | D        | Reached skill level 15 in Evocations
  5313 | D        | Killed a daeva
  5339 | D        | Received a gift from Trog
  5355 | D        | Noticed a frost giant
  5363 | D        | Killed a frost giant
  5366 | D        | Noticed a deep elf blademaster
  5373 | D        | Killed a deep elf blademaster
  5378 | D        | Received a gift from Trog
  5381 | D        | Killed a ghost moth
  5455 | D        | Received a gift from Trog
  5521 | D        | Noticed an Ice Fiend
  5523 | D        | Noticed a Hell Sentinel
  5529 | D        | Received a gift from Trog
  5532 | D        | Noticed a shadow dragon
  5543 | D        | Killed a shadow dragon
  5549 | D        | Identified the +5 chain mail of Sin {+Inv Will+}
  5549 | D        | Noticed a deep elf blademaster
  5561 | D        | Killed a deep elf blademaster
  5625 | D        | Noticed a golden dragon
  5625 | D        | Noticed a shadow dragon
  5627 | D        | Received a gift from Trog
  5656 | D        | Killed a golden dragon
  5657 | D        | Reached skill level 1 in Shields
  5690 | D        | Killed a shadow dragon
  5762 | D        | Found the +3 pair of seven-league boots {Rampage+∞}
  5762 | D        | Found the +2 hat of the Bear Spirit {Spirit, *Rage Will++}
  5851 | D        | Noticed an orc warlord
  5851 | D        | Noticed an orc warlord
  5851 | D        | Noticed an orc warlord
  5851 | D        | Noticed an orc warlord
  5851 | D        | Noticed an orc warlord
  5851 | D        | Noticed an orc warlord
  5851 | D        | Noticed an orc warlord
  5851 | D        | Noticed an orc warlord
  5851 | D        | Noticed an orc warlord
  5851 | D        | Noticed an orc warlord
  5851 | D        | Noticed an orc warlord
  5851 | D        | Noticed an orc warlord
  5852 | D        | Noticed an orc warlord
  5858 | D        | Killed an orc warlord
  5859 | D        | Noticed an orc warlord
  5861 | D        | Killed an orc warlord
  5861 | D        | Received a gift from Trog
  5863 | D        | Killed an orc warlord
  5868 | D        | Killed an orc warlord
  5869 | D        | Noticed an orc warlord
  5871 | D        | Killed an orc warlord
  5874 | D        | Killed an orc warlord
  5874 | D        | Killed an orc warlord
  5881 | D        | Killed an orc warlord
  5883 | D        | Killed an orc warlord
  5883 | D        | Received a gift from Trog
  5887 | D        | Reached skill level 5 in Shields
  5888 | D        | Killed an orc warlord
  5893 | D        | Killed an orc warlord
  5935 | D        | Killed an orc warlord
  5945 | D        | Killed an orc warlord
  5991 | D        | Killed an orc warlord
  5992 | D        | Reached XP level 16. HP: 182/182 MP: 5/15
  6010 | D        | Received a gift from Trog
  6116 | D        | Reached skill level 27 in Axes
  6135 | D        | Received a gift from Trog
  6409 | D        | Identified the +2 battleaxe of Demonkind {vorpal, rElec
                  | Will+} (Trog gifted it to you in the Dungeon)
  6409 | D        | Received a gift from Trog
  6477 | D        | Received a gift from Trog
  6502 | D        | Reached skill level 27 in Fighting
  6590 | D        | Reached skill level 27 in Armour
  6607 | D        | Received a gift from Trog
  6636 | D        | Reached skill level 15 in Slings
  6663 | D        | Received a gift from Trog
  6801 | D        | Identified the +9 battleaxe "Foijoi" {vorpal, rPois rN+
                  | Stlth+} (Trog gifted it to you in the Dungeon)
  6801 | D        | Received a gift from Trog
  6879 | D        | Got a silver rune of Zot
  6993 | D        | Received a gift from Trog
  7165 | D        | Reached skill level 10 in Shields
  7243 | D        | Received a gift from Trog
  7300 | D        | Noticed a royal mummy
  7334 | D        | Killed a royal mummy
  7696 | D        | Noticed an acid blob
  7785 | D        | Received a gift from Trog
  7809 | D        | Noticed a storm dragon
  7812 | D        | Killed a storm dragon
  7840 | D        | Received a gift from Trog
  7900 | D        | Identified the +9 hand axe of the Onslaught {flame, Dex+3}
                  | (Trog gifted it to you in the Dungeon)
  7900 | D        | Received a gift from Trog
  7952 | D        | Received a gift from Trog
  8075 | D        | Noticed an Executioner
  8084 | D        | Killed an Executioner
  8125 | D        | Killed an acid blob
  8125 | D        | Received a gift from Trog
  8251 | D        | Noticed a golden dragon
  8284 | D        | Noticed a lich
  8309 | D        | Killed a lich
  8309 | D        | Received a gift from Trog
  8327 | D        | Noticed a shadow dragon
  8334 | D        | Killed a shadow dragon
  8366 | D        | Received a gift from Trog
  8372 | D        | Noticed Mnoleg
  8391 | D        | Gained mutation: Your body sometimes deteriorates upon
                  | taking damage. [Mnoleg's mutagenic touch]
  8392 | D        | Killed Mnoleg
  8393 | D        | Reached XP level 17. HP: 191/191 MP: 0/16
  8510 | D        | Killed a golden dragon
  8558 | D        | Got the amulet "Daesow" {Reflect rElec rPois rC++ Str-3
                  | SH+5}
  8560 | D        | Got the ring "Wemm" {rC+ rN++ rCorr Str+3 Int-4}
  8563 | D        | Got the ring "Rahosuan" {rCorr Int+6 Slay+2}
  8566 | D        | Got the ring "Tuogam" {Fly rF+ rC+}
  8643 | D        | Noticed an orb of fire
  8654 | D        | Gained mutation: Your spells are a little easier to cast,
                  | but a little less powerful. [an orb of fire]
  8656 | D        | Killed an orb of fire
  8657 | D        | Reached skill level 27 in Dodging
  8657 | D        | Reached skill level 15 in Shields
  8659 | D        | Noticed a curse toe
  8671 | D        | Noticed a tentacled monstrosity
  8673 | D        | Killed a curse toe
  8673 | D        | Received a gift from Trog
  8675 | D        | Killed a tentacled monstrosity
  8806 | D        | Noticed a Brimstone Fiend
  8810 | D        | Killed a Brimstone Fiend
  8822 | D        | Noticed a Tzitzimitl
  8828 | D        | Killed a Tzitzimitl
  8828 | D        | Received a gift from Trog
  8922 | D        | Noticed an Ice Fiend
  8925 | D        | Killed an Ice Fiend
  8927 | D        | Noticed an ancient lich
  8930 | D        | Killed an ancient lich
  8950 | D        | Noticed a Brimstone Fiend
  8950 | D        | Noticed a pearl dragon
  8950 | D        | Noticed a deep elf master archer
  8950 | D        | Noticed a golden dragon
  8954 | D        | Killed a golden dragon
  8959 | D        | Killed a pearl dragon
  8959 | D        | Killed a deep elf master archer
  8964 | D        | Killed a Brimstone Fiend
  8970 | D        | Identified the +8 war axe of Blood {vorpal, Str+2} (Trog
                  | gifted it to you in the Dungeon)
  8970 | D        | Received a gift from Trog
  9037 | D        | Noticed a Killer Klown
  9039 | D        | Killed a Killer Klown
  9096 | D        | Noticed Xepled the pandemonium lord
  9103 | D        | Killed Xepled the pandemonium lord
  9116 | D        | Lost mutation: Your spells are a little easier to cast, but
                  | a little less powerful. [potion of mutation]
  9116 | D        | Lost mutation: Your body sometimes deteriorates upon taking
                  | damage. [potion of mutation]
  9116 | D        | Gained mutation: You are partially covered in iridescent
                  | scales. (AC +2) [potion of mutation]
  9163 | D        | Noticed a Hell Sentinel
  9168 | D        | Killed a Hell Sentinel
  9214 | D        | Noticed a Hell Sentinel
  9225 | D        | Killed a Hell Sentinel
  9225 | D        | Received a gift from Trog
  9272 | D        | Noticed a royal mummy
  9277 | D        | Killed a royal mummy
  9350 | D        | Noticed an orb of fire
  9350 | D        | Gained mutation: You tend to lose your temper in combat.
                  | [an orb of fire]
  9354 | D        | Killed an orb of fire
  9356 | D        | Noticed Mennas
  9368 | D        | Killed Mennas
  9368 | D        | Identified the +7 rapier "Tolimu" {vorpal, rN+ Str+3} (Trog
                  | gifted it to you in the Dungeon)
  9368 | D        | Received a gift from Trog
  9418 | D        | Noticed a Hell Sentinel
  9424 | D        | Killed a Hell Sentinel
  9469 | D        | Noticed a Killer Klown
  9472 | D        | Killed a Killer Klown
  9473 | D        | Reached skill level 27 in Slings
  9522 | D        | Noticed Boris
  9522 | D        | Noticed a Tzitzimitl
  9528 | D        | Killed Boris
  9529 | D        | Reached XP level 18. HP: 200/200 MP: 5/17
  9530 | D        | Received a gift from Trog
  9535 | D        | Killed a Tzitzimitl
  9591 | D        | Noticed a pearl dragon
  9593 | D        | Killed a pearl dragon
  9598 | D        | Noticed a pearl dragon
  9601 | D        | Killed a pearl dragon
  9642 | D        | Noticed Xtahua
  9642 | D        | Noticed Veiqar the pandemonium lord
  9645 | D        | Killed Xtahua
  9646 | D        | Noticed an ancient lich
  9647 | D        | Killed Veiqar the pandemonium lord
  9647 | D        | Received a gift from Trog
  9653 | D        | Killed an ancient lich
  9664 | D        | Noticed the Royal Jelly
  9669 | D        | Noticed Antaeus
  9694 | D        | Noticed a golden dragon
  9698 | D        | Noticed a Tzitzimitl
  9699 | D        | Noticed an orb of fire
  9701 | D        | Killed a golden dragon
  9711 | D        | Noticed Soikoa the pandemonium lord
  9711 | D        | Killed an orb of fire
  9716 | D        | Killed Soikoa the pandemonium lord
  9716 | D        | Received a gift from Trog
  9717 | D        | Reached skill level 27 in Evocations
  9719 | D        | Killed a Tzitzimitl
  9725 | D        | Killed Antaeus
  9726 | D        | Reached skill level 27 in Shields
  9730 | D        | Reached skill level 10 in Throwing
  9740 | D        | Received a gift from Trog
  9742 | D        | HP: 16/400 [acid blob[the Royal Jelly] (12)]
  9742 | D        | HP: 6/400 [acid[the Royal Jelly] (10)]
  9742 | D        | Killed from afar by an acid blob

Illustrated notes

Levels and vault maps discovered:
D:        pitsprint [storerooms_1, entrance_room_1, metal_vault_6, armoury_1,
          mini_pit_1, grid_room_1, main_hall_1, silver_pit, the_coven_1,
          the_vestibule_1, steel_vault_3, golden_pit, hallway_of_sentries,
          crystal_vault_5, iron_vault_4, final_vault]

Skill      XL: |  1  2  3  4  5  6  7  8  9 10 11 12 13 14 15 16 17 18 |
---------------+-------------------------------------------------------+-----
Axes           | 4 6 7 10 11 14 16 17 20 22 24 26 27 | 27.0
Fighting       | 4 5 8 10 12 13 14 16 18 21 24 26 27 | 27.0
Armour         | 3 4 7 8 10 11 12 14 16 18 21 24 26 27 | 27.0
Dodging        | 3 4 6 7 9 10 11 13 15 16 19 22 26 27 | 27.0
Throwing       | 5 8 10 | 10.8
Evocations     | 5 10 14 16 19 24 27 | 27.0
Slings         | 5 10 13 21 27 | 27.0
Shields        | 6 14 22 27 | 27.0
Polearms       | 8 |  8.7

Action                   |  1- 3 |  4- 6 |  7- 9 | 10-12 | 13-15 | 16-18 || total
-------------------------+-------+-------+-------+-------+-------+-------++-------
Melee: Hand axe          |    26 |    17 |    10 |       |       |       ||    53
       Headbutt          |     3 |     3 |     9 |    56 |   110 |   148 ||   329
       Dire flail        |       |       |    20 |       |       |       ||    20
       Broad axe         |       |       |     4 |    88 |    10 |     1 ||   103
       Executioner's axe |       |       |       |   102 |   345 |   397 ||   844
       Demon trident     |       |       |       |       |     1 |       ||     1
 Fire: Hunting sling     |       |       |       |       |     7 |   146 ||   153
Throw: Dart              |       |       |       |     3 |       |       ||     3
       Throwing net      |       |       |       |     1 |     1 |       ||     2
Invok: Trog's Hand       |     2 |       |     4 |    23 |    28 |    34 ||    91
       Berserk           |     1 |       |     4 |    10 |     6 |     3 ||    24
       Brothers in Arms  |       |     1 |     3 |     9 |    12 |     1 ||    26
 Abil: Evoke Blink       |       |       |       |       |       |     1 ||     1
Evoke: Condenser vane    |       |       |       |       |     1 |     1 ||     2
       Box of beasts     |       |       |       |       |       |     3 ||     3
  Use: Potion            |       |     1 |       |     7 |    13 |    16 ||    37
       Scroll            |       |       |       |     1 |     2 |     3 ||     6
 Stab: Distracted        |       |       |       |       |       |     1 ||     1
Armor: Animal skin       |     2 |       |       |       |       |       ||     2
       Scale mail        |     2 |     3 |       |       |       |       ||     5
       Plate armour      |       |       |    12 |       |   119 |   143 ||   274
       Chain mail        |       |       |     1 |    64 |     8 |       ||    73
Dodge: Dodged            |    17 |     8 |     7 |    95 |   137 |   193 ||   457
Block: Other             |       |       |       |       |    27 |    23 ||    50
       Reflection        |       |       |       |       |     2 |     2 ||     4

Table legend: (Time is in decaauts)
 A = Elapsed time spent in this place.
 B = Non-inter-level travel time spent in this place.
 C = Inter-level travel time spent in this place.
 D = Time resting spent in this place.
 E = Time spent auto-exploring this place.
 F = Levels seen in this place.
 G = Mean time per level.
                   A        B        C        D        E       F      G
               +--------+--------+--------+--------+--------+-----+--------+
         Total |   9708 |   9639 |     69 |   3236 |      0 |   1 | 9708.0 |
       Dungeon |   9708 |   9639 |     69 |   3236 |      0 |   1 | 9708.0 |
               +--------+--------+--------+--------+--------+-----+--------+

Top non-repeatable levels by time:
       D: 9708 daAuts
